 Dungeon Crawl Stone Soup version 0.22.1-2-g9c5b331 (webtiles) character file.

88 MalarOregon the Stinger (level 4, -11/32 HPs)
             Began as a Merfolk Venom Mage on Nov 23, 2018.
             Killed from afar by Sigmund (13 damage)
             ... with a puff of flame
             ... on level 2 of the Dungeon.
             The game lasted 00:04:09 (2820 turns).

MalarOregon the Stinger (Merfolk Venom Mage)        Turns: 2820, Time: 00:04:09

Health: -11/32     AC:  2    Str:  8    XL:     4   Next: 54%
Magic:  5/7        EV: 13    Int: 15    God:
Gold:   117        SH:  4    Dex: 14    Spells: 7/8 levels left

rFire    . . .     SeeInvis .   i - +0 dagger
rCold    . . .     Gourm    .   b - +0 buckler
rNeg     . . .     Faith    .   a - +0 robe
rPois    .         Spirit   .   (no helmet)
rElec    .         Reflect  .   (no cloak)
rCorr    .         Harm     .   (no gloves)
MR       .....                  (no boots)
Stlth    ++........             (no amulet)
HPRegen  0.10/turn              (no ring)
MPRegen  0.10/turn              (no ring)

@: no status effects
A: change form in water, swift swim, stealthy swim
a: no special abilities


You were on level 2 of the Dungeon.
You were hungry.

You visited 1 branch of the dungeon, and saw 2 of its levels.

You collected 117 gold pieces.

Inventory:

Hand Weapons
 i - a +0 dagger (weapon)
   (You found it on level 1 of the Dungeon)
Armour
 a - a +0 robe (worn)
 b - a +0 buckler (worn)
   (You found it on level 1 of the Dungeon)
Jewellery
 l - an uncursed amulet of faith {unknown}
   (You found it on level 2 of the Dungeon)
Scrolls
 d - a scroll of magic mapping {unknown}
 j - 2 scrolls of fog
 m - 2 scrolls of identify {unknown}
 n - 3 scrolls of teleportation {unknown}
Potions
 c - a potion of invisibility {unknown}
 f - 2 potions of cancellation {unknown}
 g - 2 potions of curing {unknown}
 h - a potion of lignification {unknown}
 k - 2 potions of heal wounds {unknown}
 p - a potion of brilliance {unknown}
 q - 2 potions of haste {unknown}
Comestibles
 e - 6 rations {!d}
 o - a chunk of flesh


   Skills:
 + Level 1.6 Fighting
 + Level 3.5 Dodging
 - Level 2.1 Stealth
 + Level 1.4 Shields
 + Level 2.5 Spellcasting
 - Level 1.0 Conjurations
 + Level 3.8 Poison Magic


You had 7 spell levels left.
You knew the following spells:

 Your Spells              Type           Power        Failure   Level  Hunger
a - Sting                 Conj/Pois      #...         11%         1    #......

Your spell library contained the following spells:

 Spells                   Type           Power        Failure   Level  Hunger
 Poisonous Vapours        Pois/Air       #.....       19%         2    ###....
 Mephitic Cloud           Conj/Pois/Air  #.......     41%         3    ###....
 Olgreb's Toxic Radiance  Pois           ##......     50%         4    #####..
 Venom Bolt               Conj/Pois      #.........   96%         5    ######.


Dungeon Overview and Level Annotations

Branches:
Dungeon (2/15)

Altars:
Xom

Annotations:
D:2 1 runed door, Sigmund


Message History

You can't see any susceptible monsters within range! (Use Z to cast anyway.) Unknown command.
Sigmund points at you and mumbles some strange words.
The magic dart hits you! Sigmund gestures at you while chanting.
The puff of flame misses you.
Aim: Sigmund, wielding a scythe and wearing a robe The sting hits Sigmund.
Sigmund appears unharmed.
Sigmund points at you and mumbles some strange words.
The magic dart hits you!
* * * LOW HITPOINT WARNING * * *
Aim: Sigmund, wielding a scythe and wearing a robe The sting hits Sigmund.
Sigmund is poisoned.
Aim: Sigmund, wielding a scythe and wearing a robe (lightly wounded, poisoned)
The sting hits Sigmund.
Aim: Sigmund, wielding a scythe and wearing a robe (moderately wounded, The sting hits Sigmund.
Sigmund looks even sicker.
Aim: Sigmund, wielding a scythe and wearing a robe (moderately wounded, The sting hits Sigmund.
You are feeling hungry.
Sigmund casts a spell at you.
You are confused.
You're too confused to move!
Sigmund smiles chillingly.
You feel less confused. Sigmund gestures at you while chanting.
You are confused.
Sigmund mumbles some strange words.
Sigmund flickers and vanishes!
Deactivating autopickup; reactivate with Ctrl-A.
You're too confused to move!
Unknown command.
You bump into the rock wall.
Some of the chunks of flesh in your inventory have rotted away.
You bump into the rock wall.
You feel less confused. Something hits you.
* * * LOW HITPOINT WARNING * * *
Unknown command.
A magic dart appears from out of thin air!
The magic dart hits you!
* * * LOW HITPOINT WARNING * * *
Something tries to affect you, but you resist.
You see here a dagger.
A magic dart appears from out of thin air!
The magic dart hits you!
* * * LOW HITPOINT WARNING * * *
A puff of flame appears from out of thin air!
The puff of flame hits you!
You die...

#.##.# ##)## #.##.# #.# #.##.#
#.# #.##.# #.# #.##.# #.#
#.##.# #.# #.##.# #.#
######.##.###########.#
#..........)..@.......####
#.####.###.#########.....######
#.# #.# #.# #............ #.#
#.# #.########..###.#####. #.#
#.###.##.................. #.#
#.##...#.#.####.####.####. #.#
#............##.# #.# ## #.#
####...#.#.#.##.####.# # #.#
##.##.#.#.........# #


There were no monsters in sight!

Vanquished Creatures
  A worker ant (D:2)
  An adder (D:2)
  An ooze (D:2)
  5 worms (D:2)
  2 dart slugs (D:2)
  2 leopard geckos
  A giant cockroach (D:2)
  3 goblins
  4 hobgoblins
  5 kobolds
  A ball python (D:1)
  2 bats (D:1)
  5 frilled lizards
  4 rats
37 creatures vanquished.

Notes
Turn   | Place    | Note
-------+----------+-------------------------------------------
     0 | D:1      | MalarOregon the Merfolk Venom Mage began the quest for the
                  | Orb.
     0 | D:1      | Reached XP level 1. HP: 13/13 MP: 3/3
   316 | D:1      | Reached skill level 1 in Conjurations
   514 | D:1      | Reached XP level 2. HP: 20/20 MP: 5/5
  1531 | D:2      | Reached skill level 1 in Fighting
  1641 | D:2      | Reached XP level 3. HP: 21/26 MP: 2/6
  1953 | D:2      | Reached skill level 1 in Shields
  2198 | D:2      | Found a shimmering altar of Xom.
  2210 | D:2      | Reached XP level 4. HP: 24/32 MP: 3/7
  2261 | D:2      | Noticed Sigmund
  2296 | D:2      | Found a runed door.
  2820 | D:2      | Killed from afar by Sigmund

Skill      XL: |  1  2  3 |
---------------+----------+-----
Conjurations   | 1 |  1.0
Dodging        | 3 |  3.5
Fighting       | 1 |  1.6
Shields        | 1 |  1.4
Stealth        | |  2.1
Spellcasting   | |  2.5
Poison Magic   | |  3.8

Action                   |  1- 3 |  4- 6 || total
-------------------------+-------+-------++-------
Melee: Unarmed           |    10 |       ||    10
       Dagger            |   184 |    24 ||   208
 Cast: Sting             |    39 |    29 ||    68
  Use: Scroll            |     3 |       ||     3
 Stab: Sleeping          |     2 |     1 ||     3
  Eat: Chunk             |     5 |     2 ||     7
Armor: Robe              |     9 |       ||     9
Dodge: Dodged            |    36 |    10 ||    46
Block: Buckler           |     7 |     3 ||    10
